 Dungeon Crawl Stone Soup version 0.23.2-40-g277498a001 (webtiles) character file.

Game seed: 2589286438841908939

106 Gildeon the Covered (level 4, 0/40 HPs)
             Began as a Minotaur Fighter on Oct 2, 2019.
             Killed by divine providence
             ... invoked by an orc priest
              (12 damage)
             ... on level 4 of the Dungeon.
             The game lasted 00:05:42 (1893 turns).

Gildeon the Covered (Minotaur Fighter)              Turns: 1893, Time: 00:05:43

Health: 0/40       AC: 10    Str: 27    XL:     4   Next: 55%
Magic:  3/3        EV: 12    Int:  5    God:
Gold:   160        SH:  0    Dex:  9    Spells: 3/3 levels left

rFire    . . .     SeeInvis .   b - +2 hand axe (drain)
rCold    . . .     Gourm    .   c - +0 shield
rNeg     . . .     Faith    .   p - +0 chain mail
rPois    .         Spirit   .   (helmet restricted)
rElec    .         Reflect  .   (no cloak)
rCorr    .         Harm     .   (no gloves)
MR       .....                  e - +0 pair of boots
Stlth    ..........             (no amulet)
HPRegen  0.13/turn              l - +5 ring of evasion
MPRegen  0.08/turn              (no ring)

@: confused, mighty
A: retaliatory headbutt, horns 2
a: no special abilities


You were on level 4 of the Dungeon.
You were not hungry.

You visited 1 branch of the dungeon, and saw 4 of its levels.

You collected 160 gold pieces.

Inventory:

Hand Weapons
 a - a +0 war axe
 b - a +2 hand axe of draining (weapon)
 t - a +1 hand axe of venom
 u - a +0 flail
Armour
 c - a +0 shield (worn)
 e - a +0 pair of boots (worn)
 p - a +0 chain mail (worn)
Jewellery
 l - a +5 ring of evasion (left hand)
Scrolls
 s - a scroll of fear
Potions
 d - a potion of might
 g - a potion of magic
 i - a potion of ambrosia
 j - 3 potions of heal wounds {unknown}
 k - a potion of haste {unknown}
 n - a potion of berserk rage {unknown}
 r - a potion of flight {unknown}
Comestibles
 f - 9 rations
 q - 5 chunks of flesh


   Skills:
 + Level 4.1 Fighting
 * Level 3.9 Axes
 + Level 4.2 Armour
 + Level 1.7 Dodging
 + Level 4.2 Shields


You had 3 spell levels left.
You didn't know any spells.
Your spell library was empty.

Dungeon Overview and Level Annotations

Branches:
Dungeon (4/15)
 Temple: D:4-7

Altars:

Annotations:
D:4 Purgy


Innate Abilities, Weirdness & Mutations

You reflexively headbutt those who attack you in melee.
You have a pair of horns on your head.


Message History

You miss something. Your headbutt misses something.
Your chain mail prevents you from hitting the orc priest.
Something barely misses you.
The orc priest mumbles some strange prayers to Beogh against you.
Pain shoots through your body!
* * * LOW HITPOINT WARNING * * *
You barely miss the orc priest. You miss something.
You block something's attack.
The orc priest calls down the wrath of Beogh upon you.
Beogh smites you!
* * * LOW HITPOINT WARNING * * *
Unknown command.
You feel better. Something hits you but does no damage.
The orc wizard points at you and mumbles some strange words.
You are confused.
You feel very mighty all of a sudden. Something hits you but does no damage.
The orc priest calls down the wrath of Beogh upon you.
Beogh smites you!
You die...

....... .# .......#+###.
............# ##..
............#.....
............#.....
............#.......
.........Z#o#.#.....
........T{@o.......
...###'###.###+##
#######..##.##...##
#......#..###.....##
#......##..#.....).#
#...........###'###.....≈
#.........+..##.# .##..≈
#.........##..### . ≈
#..............# #


You could see Purgy, an orc priest, an orc wizard and a hobgoblin zombie.

Vanquished Creatures
  3 adders
  An ooze (D:3)
  4 dart slugs
  4 orcs
  A ball python (D:1)
  7 giant cockroaches
  3 goblins (D:2)
  9 hobgoblins
  2 jackals (D:2)
  9 bats
  2 frilled lizards
  10 kobolds
  An orc zombie (D:4)
  5 rats
61 creatures vanquished.

Notes
Turn   | Place    | Note
-------+----------+-------------------------------------------
     0 | D:1      | Gildeon the Minotaur Fighter began the quest for the Orb.
     0 | D:1      | Reached XP level 1. HP: 19/19 MP: 0/0
   167 | D:1      | Reached XP level 2. HP: 27/27 MP: 1/1
   585 | D:2      | Reached skill level 1 in Dodging
   593 | D:2      | Reached XP level 3. HP: 31/33 MP: 2/2
  1422 | D:3      | Reached XP level 4. HP: 38/40 MP: 3/3
  1872 | D:4      | Noticed Purgy
  1891 | D:4      | HP: 1/40 [orc priest/divine providence (11)]
  1893 | D:4      | Killed from afar by an orc priest

Skill      XL: |  1  2  3 |
---------------+----------+-----
Axes           | 3 |  3.9
Dodging        | 1 |  1.7
Armour         | 4 |  4.2
Shields        | 4 |  4.2
Fighting       | 4 |  4.1

Action                   |  1- 3 |  4- 6 || total
-------------------------+-------+-------++-------
Melee: War axe           |    84 |       ||    84
       Headbutt          |     9 |     1 ||    10
       Hand axe          |    11 |    46 ||    57
  Use: Scroll            |     3 |     3 ||     6
       Potion            |       |     2 ||     2
  Eat: Chunk             |     2 |     1 ||     3
Armor: Scale mail        |    23 |       ||    23
       Chain mail        |     9 |    40 ||    49
Dodge: Dodged            |    49 |    33 ||    82
Block: Shield            |    56 |    15 ||    71
